 Dungeon Crawl Stone Soup version 0.20-a0-433-g9e36e56 (webtiles) character file.

9647 Gorice the Fighter (level 11, 0/98 (99) HPs)
             Began as a Demonspawn Arcane Marksman on Jan 4, 2017.
             Was a High Priest of Okawaru.
             Slain by a polar bear (13 damage)
             ... on level 1 of the Lair of Beasts.
             The game lasted 01:16:11 (14410 turns).

Gorice the Fighter (Demonspawn Arcane Marksman)    Turns: 14410, Time: 01:16:12

HP:   0/98 (99)     AC: 25    Str: 15    XL:     11   Next: 25%
MP:   11/13         EV: 10    Int: 18    God:    Okawaru [*****.]
Gold: 193           SH:  0    Dex: 13    Spells: 11/12 levels left

rFire  + + .     SeeInvis +     a - +0 long sword
rCold  . . .     Gourm    .     G - +8 chain mail of Gutaen {rF++}
rNeg   . . .     Faith    .     (no shield)
rPois  +         Spirit   .     (helmet restricted)
rElec  +         Reflect  .     R - +0 cloak
rCorr  .         Harm     .     (no gloves)
MR     .....                    (no boots)
Stlth  ..........               (no amulet)
                                (no ring)
                                L - ring "Ceczoip" {rElec rPois Int+4 SInv}

@: heroism
A: horns 2, icy blue scales 2, powered by death 1, robust 1
a: Heroism, Finesse, Renounce Religion


You were on level 1 of the Lair of Beasts.
You worshipped Okawaru.
Okawaru was extremely pleased with you.
You were hungry.

You visited 3 branches of the dungeon, and saw 11 of its levels.

You collected 615 gold pieces.
You spent 422 gold pieces at shops.

Inventory:

Hand Weapons
 a - a +0 long sword (weapon)
 b - a +6 arbalest of freezing
   (You acquired it on level 2 of the Dungeon)
 v - a +1 dagger of venom
   (You took it off an orc wizard on level 9 of the Dungeon)
Missiles
 c - a javelin
 e - 10 tomahawks of returning
 r - 18 sling bullets
 E - 7 tomahawks (quivered)
 S - 16 bolts
Armour
 G - the +8 chain mail of Gutaen (worn) {rF++}
   (You bought it in a shop on level 5 of the Dungeon)

   It greatly protects you from fire.
 R - a +0 cloak (worn)
Jewellery
 L - the ring "Ceczoip" (left hand) {rElec rPois Int+4 SInv}
   (You bought it in a shop on level 5 of the Dungeon)

   [ring of see invisible]

   It affects your intelligence (+4).
   It insulates you from electricity.
   It protects you from poison.
   It lets you see invisible.
Wands
 i - a wand of random effects (16/48)
 l - a wand of lightning (5/15)
 n - a wand of polymorph (6/24)
 y - a wand of iceblast (11/15)
Scrolls
 g - a scroll of enchant weapon
 s - 4 scrolls of remove curse
 w - 2 scrolls of teleportation {!r}
Potions
 d - a potion of haste {!q}
 j - a potion of invisibility {!q}
 m - 3 potions of curing
 p - 2 potions of heal wounds {!q}
 B - a potion of cure mutation {!q}
 C - 2 potions of flight
 J - a potion of berserk rage
Books
 q - a book of Debilitation
 I - a book of Flames
 P - a book of Changes
Miscellaneous
 Q - a sack of spiders
Comestibles
 f - 10 bread rations {!e}
 h - 5 chunks of flesh
 k - 6 fruits


   Skills:
 - Level 10.0(15.0) Fighting
 * Level 7.6(12.6) Long Blades
 - Level 6.2(11.2) Throwing
 + Level 9.0(14.0) Armour
 - Level 1.7(6.7) Dodging
 - Level 1.0 Spellcasting
 - Level 3.0 Hexes
 + Level 3.5 Invocations


You had 11 spell levels left.
You knew the following spells:

 Your Spells              Type           Power        Failure   Level  Hunger
a - Corona                Hex            ##.....      63%         1    ##.....


Dungeon Overview and Level Annotations

Branches:
Dungeon (9/15)             Temple (1/1) D:4            Lair (1/6) D:9
    Orc: D:9-12

Altars:
Ashenzari
Cheibriados
Dithmenos
Elyvilon
Fedhas
Gozag
Hepliaklqana
Kikubaaqudgha
Makhleb
Nemelex Xobeh
Okawaru
Qazlal
Ru
Sif Muna
Trog
Uskayaw
Vehumet
Xom
Yredelemnul
Zin
The Shining One

Shops:
D:5 *   D:7 !

Annotations:
D:8 Pikel??


Innate Abilities, Weirdness & Mutations

You have a pair of horns on your head.
You are mostly covered in icy blue scales. (AC +3)
You regenerate a little health from kills.
You are robust. (+10% HP)


Message History

The polar bear claws you but does no damage. x2
Your chain mail of Gutaen prevents you from hitting the polar bear.
The polar bear is severely wounded.
The polar bear barely misses you.
The polar bear claws you but does no damage. x2
The polar bear barely misses you.
The polar bear claws you but does no damage. x2
You closely miss the polar bear.
The polar bear is severely wounded.
You are feeling hungry.
The polar bear bites you!!
The polar bear claws you but does no damage. x2
Damage: 21 (max 21)
You slash the polar bear!
You headbutt the polar bear, but do no damage.
The polar bear is almost dead.
The polar bear bites you!
The polar bear claws you but does no damage.
The polar bear barely misses you. The polar bear bites you!
The polar bear closely misses you. The polar bear barely misses you.
Damage: 18 (max 21)
You closely miss the polar bear.
The polar bear is almost dead.
The polar bear bites you but does no damage.
The polar bear claws you but does no damage. x2
The polar bear bites you!
* * * LOW HITPOINT WARNING * * *
The polar bear barely misses you.
The polar bear claws you but does no damage.
Damage: 14 (max 21)
You are too injured to fight recklessly!
You gain the combat prowess of a mighty hero.
The polar bear bites you!!
* * * LOW HITPOINT WARNING * * *
The polar bear barely misses you. The polar bear completely misses you.
Damage: 19 (max 21) Unknown command.
You hit the polar bear.
The polar bear is almost dead.
The polar bear bites you but does no damage.
The polar bear claws you.
* * * LOW HITPOINT WARNING * * *
The polar bear claws you but does no damage.
Damage: 3 (max 21)
You hit the polar bear but do no damage.
The polar bear is almost dead.
The polar bear barely misses you. x2; The polar bear claws you.
* * * LOW HITPOINT WARNING * * *
The polar bear bites you!
You die...

.......#..
.......P..P....#........
...............#.........
.........................
..................(......
.........................
................##(......
#..#.............h.......
###.............@........
###....#.#....#........
##........P#####..P..
#.........## ####
#......(.## #.........#
#.........## #..........#
#.........##


You could see a polar bear (berserk).

Vanquished Creatures
  The ghost of PeterLawrence the Fighter, a journeyman MiFi of Okawaru (Lair:1)
  Joseph (D:8)
  2 spiny frogs (Lair:1)
  Prince Ribbit (D:8)
  3 hippogriffs
  A meliai zombie (D:9)
  A steam dragon (D:7)
  A human (D:8)
  Grum (D:7)
  3 hungry ghosts
  Menkaure (D:4)
  The ghost of Syneil the Insei, an amateur OpTm (D:3)
  2 water moccasins
  Duvessa (D:7)
  5 porcupines
  An ice beast (D:6)
  A black bear (D:9)
  An orc warrior (D:6)
  A phantom (D:6)
  A sky beast (D:6)
  2 slaves (D:8)
  2 wolves (D:7)
  7 centaurs
  3 necrophages
  5 ogres
  4 crocodiles
  2 big kobolds
  8 bullfrogs
  A water moccasin zombie (D:6)
  A wyvern skeleton (D:6)
  3 scorpions
  Dowan (D:7)
  8 killer bees
  9 howler monkeys
  3 crimson imps
  A quasit (D:8)
  2 jellies
  4 hounds
  5 orc priests
  A centaur skeleton (D:4)
  5 iguanas
  9 orc wizards
  Crazy Yiuf (D:2)
  Jessica (D:3)
  8 worker ants
  A hound zombie (D:5)
  3 hound skeletons
  3 gnolls (D:5)
  A howler monkey skeleton (D:5)
  14 adders
  2 shadow imps
  An ooze (D:1)
  An adder skeleton (D:6)
  2 adder zombies
  5 worms
  8 leopard geckos
  16 orcs
  3 ball pythons
  3 giant cockroaches
  6 goblins
  9 hobgoblins
  18 jackals
  4 quokkas
  4 bats
  A jackal skeleton (D:6)
  A jackal zombie (D:6)
  14 kobolds
  A quokka skeleton (D:8)
  10 rats
257 creatures vanquished.

Vanquished Creatures (others)
  4 fungi (D:9)
4 creatures vanquished.

Grand Total: 261 creatures vanquished

Notes
Turn   | Place    | Note
-------+----------+-------------------------------------------
     0 | D:1      | Gorice the Demonspawn Arcane Marksman began the quest for the Orb.
     0 | D:1      | Reached XP level 1. HP: 15/15 MP: 2/2
   295 | D:1      | Reached skill level 2 in Throwing
   698 | D:1      | Gained mutation: You are partially covered in icy blue scales. (AC +2) [demonic ancestry]
   698 | D:1      | Reached XP level 2. HP: 21/21 MP: 3/3
   777 | D:1      | HP: 3/21 [hobgoblin (4)]
  1229 | D:1      | Reached skill level 2 in Fighting
  1419 | D:2      | Reached XP level 3. HP: 18/27 MP: 1/4
  2164 | D:1      | HP: 8/28 [poisoned by an adder]
  2170 | D:1      | HP: 7/28 [poisoned by an adder]
  2205 | D:1      | Reached skill level 3 in Throwing
  2517 | D:2      | Found an ancient bone altar of Kikubaaqudgha.
  2609 | D:2      | Found a runed door.
  2675 | D:2      | Gained mutation: You have a pair of small horns on your head. [demonic ancestry]
  2675 | D:2      | Reached XP level 4. HP: 20/34 MP: 5/5
  3105 | D:3      | Noticed Syneil's ghost (amateur OpTm)
  3357 | D:3      | Reached skill level 3 in Fighting
  3412 | D:3      | Noticed Jessica
  3565 | D:3      | Killed Jessica
  3588 | D:3      | Reached XP level 5. HP: 41/41 MP: 6/6
  3871 | D:3      | Killed Syneil's ghost
  3871 | D:3      | Reached skill level 4 in Fighting
  3871 | D:3      | Reached skill level 4 in Throwing
  4070 | D:3      | Gained mutation: You have a pair of horns on your head. [demonic ancestry]
  4070 | D:3      | Reached XP level 6. HP: 46/48 MP: 7/7
  4219 | D:3      | Found a shadowy altar of Dithmenos.
  4471 | D:4      | Found a staircase to the Ecumenical Temple.
  4476 | Temple   | Entered the Ecumenical Temple
  4552 | Temple   | Became a worshipper of Warmaster Okawaru
  4597 | D:4      | Noticed Menkaure
  4604 | D:4      | Killed Menkaure
  4604 | D:4      | Reached skill level 5 in Fighting
  4604 | D:4      | Reached skill level 5 in Throwing
  4712 | D:4      | Gained mutation: You are mostly covered in icy blue scales. (AC +3) [demonic ancestry]
  4712 | D:4      | Reached XP level 7. HP: 55/56 MP: 8/8
  4837 | D:4      | Reached * piety under Okawaru
  5314 | D:4      | Reached skill level 6 in Fighting
  5746 | D:5      | Entered Level 5 of the Dungeon
  5868 | D:5      | Found a sparkling altar of Nemelex Xobeh.
  5878 | D:5      | Reached skill level 6 in Throwing
  6020 | D:5      | Reached XP level 8. HP: 22/65 MP: 9/9
  6022 | D:5      | HP: 19/65 [howler monkey skeleton (4)]
  6650 | D:5      | Reached skill level 1 in Armour
  6741 | D:5      | Reached ** piety under Okawaru
  6741 | D:5      | Reached skill level 7 in Fighting
  6777 | D:5      | Found Bixzuobu's Assorted Antiques.
  6788 | D:5      | Bought a crude chain mail for 247 gold pieces
  6802 | D:5      | Identified the +8 chain mail of Gutaen {rF++} (You bought it in a shop on level 5 of the Dungeon)
  6916 | D:6      | Reached skill level 2 in Armour
  6916 | D:6      | Reached skill level 1 in Invocations
  7011 | D:6      | Reached skill level 2 in Invocations
  7012 | D:6      | Found a radiant altar of Vehumet.
  7146 | D:6      | Noticed a hippogriff
  7162 | D:6      | Killed a hippogriff
  7162 | D:6      | Reached skill level 3 in Armour
  7162 | D:6      | Reached skill level 3 in Invocations
  7631 | D:6      | Reached skill level 8 in Fighting
  7631 | D:6      | Reached skill level 4 in Armour
  7725 | D:6      | Reached *** piety under Okawaru
  7725 | D:6      | Gained mutation: You regenerate a little health from kills. [demonic ancestry]
  7725 | D:6      | Reached XP level 9. HP: 56/74 MP: 11/11
  7973 | D:7      | HP: 22/74 [poisoned by a killer bee]
  7978 | D:7      | HP: 19/74 [poisoned by a killer bee]
  7984 | D:7      | HP: 17/74 [poisoned by a killer bee]
  7990 | D:7      | HP: 17/74 [poisoned by a killer bee]
  7998 | D:7      | HP: 16/74 [poisoned by a killer bee]
  8354 | D:7      | Reached skill level 5 in Armour
  8402 | D:7      | Noticed Dowan
  8423 | D:7      | Killed Dowan
  8427 | D:7      | Noticed Duvessa
  8579 | D:7      | Reached skill level 9 in Fighting
  8757 | D:7      | Found a glowing silver altar of Zin.
  8773 | D:7      | Killed Duvessa
  8870 | D:7      | Found Qyll's Distillery.
  8892 | D:7      | Bought a potion of curing for 45 gold pieces
  8971 | D:7      | HP: 21/76 [orc priest/divine providence (14)]
  9234 | D:6      | Reached skill level 6 in Armour
  9826 | D:8      | Reached **** piety under Okawaru
  9852 | D:8      | Gained mutation: You are robust. (+10% HP) [potion of beneficial mutation]
  9889 | D:8      | Noticed Grum
 10023 | D:7      | Received a gift from Okawaru
 10252 | D:7      | Killed Grum
 10252 | D:7      | Reached skill level 10 in Fighting
 10252 | D:7      | Reached XP level 10. HP: 52/93 MP: 12/12
 10490 | D:7      | Reached skill level 1 in Long Blades
 10490 | D:7      | Reached skill level 7 in Armour
 10541 | D:7      | Reached skill level 2 in Long Blades
 10614 | D:8      | Found a stormy altar of Qazlal.
 10646 | D:8      | Received a gift from Okawaru
 10972 | D:8      | Reached skill level 3 in Long Blades
 10990 | D:8      | Noticed Prince Ribbit
 11026 | D:8      | Killed Prince Ribbit
 11184 | D:8      | Noticed Joseph
 11224 | D:8      | Killed Joseph
 11224 | D:8      | Reached skill level 4 in Long Blades
 11632 | D:5      | Bought a wavering gossamer ring for 130 gold pieces
 11632 | D:5      | Identified the ring "Ceczoip" {rElec rPois Int+4 SInv} (You bought it in a shop on level 5 of the Dungeon)
 11633 | D:5      | --Nice!
 11717 | D:8      | Found a burning altar of Makhleb.
 11863 | D:9      | Reached skill level 5 in Long Blades
 11865 | D:9      | Found a staircase to the Lair.
 12030 | D:9      | Reached skill level 8 in Armour
 12046 | D:9      | HP: 27/92 [meliai zombie (3)]
 12408 | D:9      | Reached ***** piety under Okawaru
 12408 | D:9      | Reached skill level 6 in Long Blades
 13046 | D:9      | Found a shimmering altar of Xom.
 13276 | D:2      | Noticed Crazy Yiuf
 13288 | D:2      | Killed Crazy Yiuf
 13349 | D:2      | Identified a scroll of acquirement
 13506 | Lair:1   | Entered Level 1 of the Lair of Beasts
 13506 | Lair:1   | Noticed PeterLawrence's ghost (journeyman MiFi)
 13520 | Lair:1   | Killed PeterLawrence's ghost
 13520 | Lair:1   | Reached XP level 11. HP: 97/98 MP: 11/13
 13729 | Lair:1   | Reached skill level 7 in Long Blades
 13848 | Lair:1   | HP: 28/98 [spiny frog (16)]
 13889 | Lair:1   | HP: 24/98 [spiny frog (15)]
 14382 | Lair:1   | Reached skill level 9 in Armour
 14408 | Lair:1   | HP: 19/98 [polar bear (19)]
 14410 | Lair:1   | Slain by a polar bear

Vault maps used:
D:1:      ncdulo_halloftheorcs, minmay_misc_feat_cross, hangedman_decor_push
D:2:      kiku_gazebo_pond_becter, first_bread, uniq_crazy_yiuf_cottage
D:3:      lemuel_coloured_pillars_altar, uniq_jessica
D:4:      hangedman_decor_slide_cut, kennysheep_flooded_box,
          hangedman_abyss_or_decor_stagger, uniq_menkaure
D:5:      nemelex_xobeh_ov_fountains_minmay, serial_shops, shop
D:6:      lemuel_round_altar
D:7:      lemuel_crystal_altar, serial_shops, shop, uniq_duvessa
D:8:      bloody_makhleb, grunt_qazlal_sundering, grunt_pizzeria,
          uniq_prince_ribbit1, uniq_pikel, uniq_joseph, uniq_grum
D:9:      nicolae_overflow_hidden_temple, due_lair_maze_entry_diamond
Temple:   dshaligram_water_room_temple
Lair:1:   beast_lair_carwin_large_2, wad_woods_road_03,
          cheibrodos_lair_lostbears

Skill      XL: |  1  2  3  4  5  6  7  8  9 10 11 |
---------------+----------------------------------+-----
Throwing       | 2 3 4 5 6 |  6.2
Fighting       | 2 3 4 5 6 8 10 | 10.0
Armour         | 4 6 8 9 |  9.0
Invocations    | 3 |  3.5
Long Blades    | 6 7 |  7.6
Dodging        | |  1.7
Spellcasting   | |  1.0
Hexes          | |  3.0

Action                   |  1- 3 |  4- 6 |  7- 9 | 10-12 || total
-------------------------+-------+-------+-------+-------++-------
Melee: Unarmed           |    62 |       |       |       ||    62
       Whip              |   109 |       |       |       ||   109
       Trident           |    25 |    89 |   598 |       ||   712
       Headbutt          |       |    11 |    97 |    73 ||   181
       Long sword        |       |       |     7 |   406 ||   413
       Punch             |       |       |     1 |       ||     1
 Fire: Hunting sling     |       |       |    11 |    64 ||    75
       Arbalest          |       |       |       |    34 ||    34
Throw: Javelin           |    30 |       |       |     2 ||    32
       Throwing net      |     1 |     1 |       |       ||     2
       Stone             |     3 |    20 |    14 |       ||    37
       Tomahawk          |       |       |    14 |    15 ||    29
 Cast: Corona            |     3 |       |       |       ||     3
Invok: Heroism           |       |       |    10 |    10 ||    20
  Use: Scroll            |     3 |     7 |     7 |     6 ||    23
       Potion            |     1 |       |     2 |     1 ||     4
 Stab: Sleeping          |     1 |       |       |       ||     1
       Held in net/web   |     1 |       |       |       ||     1
       Distracted        |       |     1 |     1 |       ||     2
  Eat: Chunk             |     6 |     6 |    22 |    16 ||    50
       Fruit             |       |       |       |     1 ||     1
       Pizza             |       |       |       |     1 ||     1
       Beef jerky        |       |       |       |     1 ||     1
Armor: Robe              |    36 |       |       |       ||    36
       Scale mail        |    47 |    35 |    24 |       ||   106
       Chain mail        |       |       |   431 |   436 ||   867
Dodge: Dodged            |   138 |    29 |   239 |   205 ||   611
       Rpst.: Long sword |       |       |       |    59 ||    59

Table legend:
 A = Turns spent in this place as a percentage of turns spent in the entire game.
 B = Non-inter-level travel turns spent in this place as a percentage of non-inter-level travel turns spent in the entire game.
 C = Inter-level travel turns spent in this place as a percentage of turns spent in this place.
 D = Turns resting spent in this place as a percentage of non-inter-level travel turns spent in this place.
 E = Turns spent auto-exploring this place as a percentage of non-inter-level travel turns spent in this place.
 F = Non-inter-level travel turns spent in this place divided by the number of levels of this place that you've seen.
                   A       B       C       D       E      F
               +-------+-------+-------+-------+-------+----------------------
         Total | 100.0 | 100.0 |   0.6 |   3.2 |   3.8 | 470.5
       Dungeon |  93.8 |  93.8 |   0.7 |   3.3 |   3.6 | 539.1
        Temple |   0.6 |   0.6 |   3.0 |   6.2 |  31.2 |  32.0
          Lair |   5.6 |   5.6 |   0.0 |   1.4 |   3.4 | 291.0
               +-------+-------+-------+-------+-------+----------------------

Vault maps used:
D:1:      ncdulo_halloftheorcs, minmay_misc_feat_cross, hangedman_decor_push
D:2:      kiku_gazebo_pond_becter, first_bread, uniq_crazy_yiuf_cottage
D:3:      lemuel_coloured_pillars_altar, uniq_jessica
D:4:      hangedman_decor_slide_cut, kennysheep_flooded_box,
          hangedman_abyss_or_decor_stagger, uniq_menkaure
D:5:      nemelex_xobeh_ov_fountains_minmay, serial_shops, shop
D:6:      lemuel_round_altar
D:7:      lemuel_crystal_altar, serial_shops, shop, uniq_duvessa
D:8:      bloody_makhleb, grunt_qazlal_sundering, grunt_pizzeria,
          uniq_prince_ribbit1, uniq_pikel, uniq_joseph, uniq_grum
D:9:      nicolae_overflow_hidden_temple, due_lair_maze_entry_diamond
Temple:   dshaligram_water_room_temple
Lair:1:   beast_lair_carwin_large_2, wad_woods_road_03,
          cheibrodos_lair_lostbears
